 Dungeon Crawl Stone Soup version 0.32-a0-918-g0f22ef8d61 (webtiles) character file.

Game seed: 12795357829705513499

159567 Foxy the Fetichist (level 17, 0/213 HPs)
             Began as a Coglin Berserker on Apr 9, 2024.
             Was the Champion of Trog.
             Killed by an exploding ball lightning (24 damage)
             ... on level 3 of the Shoals on Apr 10, 2024.
             The game lasted 01:09:27 (31628 turns).

Foxy the Fetichist (Coglin Berserker)              Turns: 31628, Time: 01:09:28

Health: 0/213      AC: 22    Str: 24    XL:     17   Next: 74%
Magic:  17/17      EV: 15    Int:  7    God:    Trog [******]
Gold:   1728       SH:  0    Dex: 23    Spells: 16/16 levels left

rFire   . . .        C - +11 morningstar "Cadwafaa" {speed, Dex+3}
rCold   . . .        B - +3 war axe (flame) {Sachi}
rNeg    . . .        A - +5 chain mail
rPois   +            w - +0 hat of the Byakko {rCorr Dex+5 Stlth+}
rElec   .            f - +0 cloak
rCorr   +            X - +0 pair of gloves
SInv    .            V - +1 pair of boots {Fly}
Will    +....        (amulet unavailable) Stlth
                     (ring unavailable)
HPRegen 0.55/turn    (ring unavailable)
MPRegen 0.15/turn    P - secondary thermocapacitor {Rampage Acrobat rPois rCorr Slay+3}

%: acrobat, rampage
@: berserking, flying, studying 4 skills, revving, very quick
A: off-hand wielding, slow wielding, warmup strikes, no jewellery
a: Renounce Religion, Berserk, Trog's Hand, Brothers in Arms


You were on level 3 of the Shoals.
You worshipped Trog.
Trog was exalted by your worship.
You visited 4 branches of the dungeon, and saw 25 of its levels.
You also visited: Ossuary and Gauntlet.

You collected 4245 gold pieces.
You spent 2517 gold pieces at shops.

Inventory:

Hand Weapons
 j - a +2 eveningstar
 o - a +1 broad axe of electrocution
 B - a +3 war axe of flaming (offhand) {Sachi}
 C - the +11 morningstar "Cadwafaa" (weapon) {speed, Dex+3}
   (You found it on level 7 of the Dungeon)

   Dex+3:     It affects your dexterity (+3).
 U - the +11 flail of Kenorch {antimagic, Will+}
   (Trog gifted it to you on level 5 of the Lair of Beasts)

   Will+:     It increases your willpower.
Missiles
 a - 8 throwing nets
 n - 8 curare-tipped darts
 v - 2 darts of dispersal (quivered)
 M - 19 silver javelins
Armour
 f - a +0 cloak (worn)
 w - the +0 hat of the Byakko (worn) {rCorr Dex+5 Stlth+}
   (You found it on level 10 of the Dungeon)

   Dex+5:     It affects your dexterity (+5).
   rCorr:     It protects you from acid and corrosion.
   Stlth+:    It makes you more stealthy.
 x - +0 fire dragon scales
 A - a +5 chain mail (worn)
 O - the +0 pair of boots of Iqupy {rC+ Will+}
   (You bought it in a shop on level 13 of the Dungeon)

   rC+:       It protects you from cold.
   Will+:     It increases your willpower.
 V - a +1 pair of boots of flying (worn)
 X - a +0 pair of gloves (worn)
 Y - the scarf "Koisysch" {+Inv, ^Drain rC+++ Str-4 Stlth+}
   (You found it on level 2 of the Shoals)

   Str-4:     It affects your strength (-4).
   rC+++:     It renders you almost immune to cold.
   ^Drain:    It drains your maximum health when unequipped.
   Stlth+:    It makes you more stealthy.
Gizmo
 P - a secondary thermocapacitor (installed) {Rampage Acrobat rPois rCorr Slay+3}
   (You invented it yourself on level 1 of the Lair of Beasts)

   [secondary thermocapacitor]

   Slay+3:    It affects your accuracy & damage with ranged weapons and melee
   (+3).
   rPois:     It protects you from poison.
   rCorr:     It protects you from acid and corrosion.
   Rampage:   It bestows one free step when moving towards enemies.
   Acrobat:   It increases your evasion after moving or waiting.
Wands
 k - a wand of polymorph (10)
 s - a wand of acid (12)
 H - a wand of flame (27)
 I - a wand of mindburst (18)
 J - a wand of charming (31)
 T - a wand of digging (5)
Scrolls
 e - 5 scrolls of immolation
 h - 6 scrolls of enchant weapon
 i - 2 scrolls of fog
 p - 9 scrolls of teleportation
 u - 2 scrolls of enchant armour
 y - 2 scrolls of identify
 z - 4 scrolls of blinking
 K - 2 scrolls of fear
 L - 4 scrolls of vulnerability
 R - 3 scrolls of poison
 S - 3 scrolls of revelation
Potions
 b - a potion of ambrosia
 c - 3 potions of enlightenment
 d - 6 potions of brilliance
 g - 4 potions of invisibility
 l - 5 potions of haste
 q - 3 potions of lignification
 r - 10 potions of heal wounds
 t - 7 potions of curing
 D - a potion of might
 E - 5 potions of attraction
 F - 2 potions of magic
 G - 3 potions of mutation
 N - a potion of berserk rage
 Q - 2 potions of cancellation
 W - 2 potions of resistance
Miscellaneous
 m - a phantom mirror


   Skills:
 + Level 15.5 Fighting
 - Level 13.0(16.2) Axes
 - Level 14.2(16.0) Maces & Flails
 - Level 2.2(8.0) Polearms
 - Level 6.0 Throwing
 + Level 11.5 Armour
 + Level 10.3 Dodging
 + Level 17.1 Evocations


You had 16 spell levels left.
You didn't know any spells.
Your spell library was empty.

Dungeon Overview and Level Annotations

Branches:
Dungeon (15/15)            Temple (0/1) D:4            Lair (5/5) D:8
 Shoals (3/4) Lair:3        Snake (0/4) Lair:2        Slime (0/5) Lair:5
    Orc (2/2) D:10            Elf (0/3) Orc:2        Vaults (0/5) D:13
 Depths (0/4) D:15        Ossuary (visited)         Gauntlet (visited)

Altars:
Elyvilon
Nemelex Xobeh
Okawaru
Qazlal
Sif Muna
Yredelemnul
Zin
The Shining One
Jiyva

Shops:
D:10 ([   D:13 [   Orc:1 :   Orc:2 (*(?

Portals:
Abyss: D:4

Annotations:
D:4 2 transporters, Biggs's ghost, amateur OpSh
Shoals:3 Xacloem's ghost, adept OnFE


Innate Abilities, Weirdness & Mutations

You can wield a second weapon in your off-hand.
It takes a long time for you to wield or remove held weapons.
Your first few attacks do less damage.
You cannot equip rings or amulets.


Message History

The ball lightning completely resists.
The blast of lightning engulfs the ball lightning.
The ball lightning completely resists.
The blast of lightning engulfs you!!
The blast of lightning engulfs Xacloem's ghost!
Xacloem's ghost resists.
The blast of lightning engulfs the snapping turtle!!!
The snapping turtle dies!
The blast of lightning engulfs the alligator snapping turtle!!
You slash Xacloem's ghost with your +3 war axe of flaming!
You burn Xacloem's ghost.
Xacloem's ghost is heavily damaged.
You slash the ball lightning with your +3 war axe of flaming!
You feel the power of Trog in you as your rage grows.
You bludgeon Xacloem's ghost with the +11 morningstar "Cadwafaa"!!
The ball lightning explodes!
The blast of lightning engulfs the ball lightning.
The ball lightning completely resists.
The blast of lightning engulfs the ball lightning.
The ball lightning completely resists.
The blast of lightning engulfs you!!!
* * * LOW HITPOINT WARNING * * *
The blast of lightning engulfs Xacloem's ghost!
Xacloem's ghost resists.
The blast of lightning engulfs the alligator snapping turtle!!
The ball lightning explodes!
The blast of lightning engulfs the ball lightning.
The ball lightning completely resists.
The blast of lightning engulfs Xacloem's ghost!
Xacloem's ghost resists.
The blast of lightning engulfs you!!
* * * LOW HITPOINT WARNING * * *
The blast of lightning engulfs the alligator snapping turtle!!
Xacloem's ghost hits you but does no damage.
The alligator snapping turtle completely misses you.
Unknown command.
You impale Xacloem's ghost with the +11 morningstar "Cadwafaa"!!
Xacloem's ghost is almost destroyed.
You slash Xacloem's ghost with your +3 war axe of flaming!
You burn Xacloem's ghost.
The ball lightning explodes!
The blast of lightning engulfs you!!
You die...

.####...............~~~~~~~~~~~~~
....................~÷~~~~~~~~~~~
....................^~~~~~...~~~~
....................~~~~~.#....~~
....................~~~~~.#.~~~~~
........#########...~~~~~....~~~~
........#......§#...~~~~.....~~~~
~.......#.}#.#§.#...~~~...#..~~~~
~.......#.?.#.§§@§..~~~~~.##..~~~
~.......#....§§W†§.<~~~~~~.....~~
........#.).#.§t'..~~~~~~...~~~~~
~.......#..#.#§.#~..~~~~~~..~~~~~
~.......#.......#...~~~~~~~~(.~~~
~......(#########..~~~~~~~~.....~
~.................~~~~~~~~~.....~
~~.................~~~~~~..###...
~~........~~.=..#..~~~~~~..##....


You could see an alligator snapping turtle and Xacloem's ghost.

Vanquished Creatures
  Nikola (Shoals:1)
  2 sphinxes (D:15)
  A tengu reaver (D:15)
  A tentacled starspawn (Lair:5)
  A kraken (Shoals:3)
  Kirke (D:14)
  A storm dragon (D:15)
  A fire giant (D:15)
  A frost giant (Shoals:2)
  A very ugly thing (D:15)
  2 stone giants
  Nessos (Lair:5)
  A minotaur (Gauntlet)
  Azrael (D:14)
  A merfolk impaler (Shoals:2)
  2 merfolk javelineers
  2 fire dragons (D:15)
  A rakshasa (D:15)
  2 hydras
  Harold (D:10)
  3 ogre magi (D:15)
  4 vault guards (D:13)
  Erica (Orc:1)
  11 centaur warriors
  6 boulder beetles
  A merfolk aquamancer (Shoals:2)
  A merfolk avatar (Lair:5)
  An alligator snapping turtle (Shoals:2)
  A death knight (D:15)
  A satyr (Shoals:2)
  3 two-headed ogres
  3 orc high priests (Orc:2)
  2 tengu warriors
  Urug (D:11)
  A deep elf knight (D:13)
  A fire crab (Lair:5)
  9 skysharks
  2 wretched stars (Gauntlet)
  2 deep elf archers (D:13)
  2 skeletal warriors (D:15)
  11 sea snakes
  Lodul (D:14)
  3 arcanists
  An orange crystal statue (Shoals:2)
  9 orc knights
  Pikel (D:8)
  3 harpies (Shoals:3)
  6 deep elf pyromancers
  12 fauns
  3 orc sorcerers (Orc:2)
  A phantasmal warrior (D:15)
  15 ugly things
  18 manticores
  19 cyclopes
  10 meliai (D:15)
  15 elephants
  3 black mambas
  5 kobold blastminers
  5 merfolk sirens
  2 water nymphs
  8 cane toads
  3 gargoyles
  2 torpor snails (Lair:5)
  An unseen horror (D:12)
  3 rime drakes
  A yaktaur (shapeshifter) (D:15)
  2 efreet (D:15)
  A freezing wraith (D:15)
  A rime drake (shapeshifter) (D:15)
  8 komodo dragons
  A yaktaur (D:15)
  13 merfolk
  7 trolls
  6 wind drakes
  2 polar bears
  2 hornets
  A blink frog (shapeshifter) (D:15)
  14 dream sheep
  19 blink frogs
  14 slime creatures
  7 snapping turtles
  2 shadows
  A centaur simulacrum (D:14)
  44 yaks
  11 water elementals
  6 wyverns
  6 fire elementals
  4 basilisks
  A human (Lair:5)
  2 wargs (Orc:1)
  A golden eye (shapeshifter) (D:13)
  13 vampire mosquitoes
  A redback (D:15)
  3 hogs (D:14)
  2 acid dragons (D:12)
  4 nagas (Lair:2)
  13 water moccasins
  2 hell hounds (D:14)
  An ice beast (D:7)
  2 sky beasts (D:7)
  A swamp drake (D:10)
  23 orc warriors
  4 black bears
  2 small abominations (Gauntlet)
  14 wolves
  14 ogres
  4 boggarts (Lair:2)
  A lemure (D:8)
  14 centaurs
  A gnoll sergeant (D:6)
  12 bullfrogs
  4 wights (D:8)
  4 scorpions
  22 killer bees
  6 howler monkeys
  3 electric eels (Lair:3)
  A centaur zombie (Ossuary)
  A crimson imp (D:10)
  A jelly (D:8)
  3 bombardier beetles
  16 orc priests
  4 hounds
  An iron imp (D:10)
  2 gnoll boudas
  A sleepcap (D:5)
  12 hell rats
  4 iguanas
  28 orc wizards
  3 crocodile zombies (Ossuary)
  A boggart simulacrum (D:15)
  3 mummies (Ossuary)
  7 adders
  11 gnolls
  A shadow imp (D:10)
  2 white imps
  8 ufetubi
  4 dart slugs
  A ribbon worm (D:5)
  62 orcs
  7 ball pythons
  4 bats
  7 endoplasms
  4 giant cockroaches
  2 gnoll zombies (Ossuary)
  5 goblins
  15 hobgoblins
  3 jackals (D:2)
  8 kobolds
  3 frilled lizards
  3 kobold zombies (Ossuary)
  3 rats
  2 ball lightnings (Shoals:3)
  A butterfly (D:4)
  8 tentacles (Shoals:3)
840 creatures vanquished.

Vanquished Creatures (others)
  An occultist (D:15)
  An ugly thing (D:15)
  A manticore (Shoals:3)
  A snapping turtle (Shoals:3)
  An orc (D:10)
  4 ball lightnings (Shoals:3)
  2 foxfires (Shoals:3)
  4 starspawn tentacles (Lair:5)
  13 tentacles (Shoals:3)
28 creatures vanquished.

Grand Total: 868 creatures vanquished

Notes
Turn   | Place    | Note
-------+----------+-------------------------------------------
     0 | D:1      | Foxy the Coglin Berserker began the quest for the Orb.
     0 | D:1      | Reached XP level 1. HP: 18/18 MP: 1/1
   182 | D:1      | Reached XP level 2. HP: 24/24 MP: 2/2
   275 | D:1      | Reached XP level 3. HP: 29/29 MP: 3/3
   810 | D:2      | Reached ** piety under Trog
   969 | D:2      | Found a glowing golden altar of the Shining One.
  1002 | D:2      | Reached XP level 4. HP: 35/35 MP: 4/4
  1550 | D:3      | Identified the +1 robe "Oraufuw" {rC+ Dex+3}
  1595 | D:3      | Reached XP level 5. HP: 34/42 MP: 5/5
  1734 | D:3      | Reached *** piety under Trog
  1961 | D:4      | Reached XP level 6. HP: 55/55 MP: 6/6
  1972 | D:4      | Found the +10 dark maul {heavy}
  2108 | D:4      | Found a staircase to the Ecumenical Temple.
  2121 | D:4      | Found a sand-covered staircase.
  2126 | Ossuary  | Entered an ossuary
  2141 | Ossuary  | Reached XP level 7. HP: 27/60 MP: 7/7
  2344 | Ossuary  | Reached skill level 10 in Axes
  2532 | D:4      | Found a transporter.
  2549 | D:4      | Found a transporter.
  2556 | D:4      | Noticed Biggs's ghost (amateur OpSh)
  2572 | D:4      | Found a one-way gate to the infinite horrors of the Abyss.
  2736 | D:5      | Entered Level 5 of the Dungeon
  3010 | D:5      | Found a sparkling altar of Nemelex Xobeh.
  3011 | D:5      | Found a white marble altar of Elyvilon.
  3374 | D:6      | Reached XP level 8. HP: 67/67 MP: 8/8
  3532 | D:6      | Reached skill level 1 in Throwing
  3704 | D:6      | Reached **** piety under Trog
  4157 | D:7      | Reached skill level 1 in Polearms
  4520 | D:7      | Reached skill level 1 in Maces & Flails
  4520 | D:7      | Reached XP level 9. HP: 73/73 MP: 9/9
  4664 | D:7      | Found a stormy altar of Qazlal.
  4731 | D:7      | Identified the +11 morningstar "Cadwafaa" {speed, Dex+3}
  5054 | D:7      | Found an iron altar of Okawaru.
  5292 | D:8      | Noticed an elephant
  5293 | D:8      | Found a staircase to the Lair.
  5299 | D:8      | Killed an elephant
  5447 | D:8      | Reached XP level 10. HP: 72/80 MP: 10/10
  5938 | D:8      | Noticed Pikel
  5948 | D:8      | Killed Pikel
  6516 | D:9      | Reached skill level 1 in Evocations
  6555 | D:9      | Noticed a brown ugly thing
  6562 | D:9      | Killed a brown ugly thing
  6705 | D:9      | Reached ***** piety under Trog
  6798 | D:9      | Noticed a tengu warrior
  6821 | D:9      | Killed a tengu warrior
  6822 | D:9      | Reached skill level 2 in Evocations
  6829 | D:9      | Noticed a six-headed hydra
  6911 | D:9      | Noticed a boulder beetle
  7192 | D:9      | Noticed a cyclops
  7236 | D:9      | Killed a cyclops
  7237 | D:9      | Reached XP level 11. HP: 43/87 MP: 11/11
  7430 | D:9      | Identified the +4 flail of the Feral God {venom, rC+}
  7849 | D:9      | Killed a one-headed hydra
  7916 | D:9      | Killed a boulder beetle
  7917 | D:9      | Reached skill level 3 in Evocations
  8005 | D:10     | Entered Level 10 of the Dungeon
  8018 | D:10     | Identified the +0 hat of the Byakko {rCorr Dex+5 Stlth+}
  8155 | D:10     | Reached skill level 5 in Maces & Flails
  8376 | D:10     | Found Zupof's Armour Emporium.
  8376 | D:10     | Found a staircase to the Orcish Mines.
  8381 | D:10     | Reached skill level 4 in Evocations
  8388 | D:10     | Found Uzxar's Weapon Emporium.
  8867 | D:10     | Noticed a deep elf pyromancer
  8873 | D:10     | Killed a deep elf pyromancer
  8907 | D:10     | Noticed a deep elf pyromancer
  8910 | D:10     | Killed a deep elf pyromancer
  9069 | D:10     | Noticed Harold
  9074 | D:10     | Killed Harold
  9156 | D:11     | Reached XP level 12. HP: 86/95 MP: 12/12
  9268 | D:11     | Identified the +0 scale mail of Zin's Brutal Revenge
                  | {+Blink rN+ Dex-4}
  9550 | D:11     | Reached skill level 5 in Evocations
  9684 | D:11     | Noticed Urug
  9712 | D:11     | Killed Urug
  9970 | D:11     | Noticed a two-headed ogre
  9976 | D:11     | Reached skill level 5 in Throwing
  9982 | D:11     | Killed a two-headed ogre
 10082 | D:12     | Identified a scroll of acquirement
 10082 | D:12     | Acquired 848 gold pieces
 10334 | D:12     | Noticed a centaur warrior
 10346 | D:12     | Killed a centaur warrior
 10347 | D:12     | Reached skill level 5 in Armour
 10730 | D:12     | Noticed a boulder beetle
 10737 | D:12     | Killed a boulder beetle
 11384 | D:12     | Reached skill level 6 in Evocations
 11708 | D:13     | Noticed a centaur warrior
 11717 | D:13     | Killed a centaur warrior
 11804 | D:13     | Noticed a boulder beetle
 11814 | D:13     | Killed a boulder beetle
 11905 | D:13     | Noticed a centaur warrior
 11915 | D:13     | Killed a centaur warrior
 12136 | D:13     | Reached XP level 13. HP: 92/103 MP: 13/13
 12170 | D:13     | Noticed a vault guard
 12288 | D:13     | Noticed a vault guard
 12656 | D:13     | Found Gaimaf's Antique Armour Boutique.
 12662 | D:13     | Bought a pair of distressingly furry boots for 361 gold
                  | pieces
 12662 | D:13     | Identified the +0 pair of boots of Iqupy {rC+ Will+} (You
                  | bought it in a shop on level 13 of the Dungeon)
 12717 | D:13     | Received a gift from Trog
 12983 | D:13     | Reached skill level 10 in Fighting
 13413 | D:13     | Killed a vault guard
 13414 | D:13     | Reached skill level 7 in Evocations
 13438 | D:13     | Killed a vault guard
 13480 | D:13     | Noticed a vault guard
 13793 | D:13     | Killed a vault guard
 14144 | D:13     | Found a gate to the Vaults.
 14144 | D:13     | Noticed a vault guard
 14148 | D:13     | Killed a vault guard
 14205 | D:14     | You fall into a shaft and drop 1 floor!
 14205 | D:15     | Entered Level 15 of the Dungeon
 14224 | D:15     | Reached skill level 8 in Evocations
 14973 | D:14     | Noticed Lodul
 14979 | D:14     | Killed Lodul
 14980 | D:14     | Reached skill level 9 in Evocations
 14981 | D:14     | Reached XP level 14. HP: 111/111 MP: 14/14
 15075 | D:14     | Noticed Kirke
 15084 | D:14     | Killed Kirke
 15124 | D:14     | Noticed Azrael
 15541 | Lair:1   | Entered Level 1 of the Lair of Beasts
 15546 | Lair:1   | Upgraded the game from 0.32-a0-913-g739538afd8 to
                  | 0.32-a0-918-g0f22ef8d61
 15546 | Lair:1   | Acquired a secondary thermocapacitor {Rampage Acrobat rPois
                  | rCorr Slay+3}
 15684 | Lair:1   | Reached skill level 10 in Maces & Flails
 16507 | Lair:2   | Received a gift from Trog
 16660 | Lair:2   | Found a staircase to the Snake Pit.
 17114 | Lair:2   | Reached skill level 10 in Evocations
 18433 | Lair:3   | Found a staircase to the Shoals.
 19217 | Lair:4   | Identified the +1 leather armour "Unorgh" {rElec Str-5
                  | Dex+4}
 19548 | Lair:5   | Entered Level 5 of the Lair of Beasts
 19623 | Lair:5   | Reached skill level 11 in Evocations
 19745 | Lair:5   | Reached XP level 15. HP: 60/120 MP: 15/15
 20004 | Lair:5   | Identified the +3 long sword "Fuimm" {protect, rC+ rN+
                  | Int+2 Dex-5 Stlth+}
 20024 | Lair:5   | Found a viscous altar of Jiyva.
 20024 | Lair:5   | Found a staircase to the Slime Pits.
 20104 | Lair:5   | Reached ****** piety under Trog
 20138 | Lair:5   | Noticed Nessos
 20155 | Lair:5   | Killed Nessos
 20235 | Lair:5   | Identified the +11 flail of Kenorch {antimagic, Will+}
                  | (Trog gifted it to you on level 5 of the Lair of Beasts)
 20235 | Lair:5   | Received a gift from Trog
 20460 | Lair:5   | Found a runed translucent door.
 20770 | Lair:5   | Noticed a tentacled starspawn
 20780 | Lair:5   | Killed a tentacled starspawn
 21269 | D:14     | Killed Azrael
 21270 | D:14     | Reached skill level 12 in Evocations
 21772 | D:15     | Found a shimmering blue altar of Sif Muna.
 21772 | D:15     | Found a glowing silver altar of Zin.
 22053 | D:15     | Found a staircase to the Depths.
 22116 | D:15     | Found a basalt altar of Yredelemnul.
 22208 | D:15     | Noticed a sphinx
 22217 | D:15     | Killed a sphinx
 22756 | D:15     | Paralysed by an ogre mage for 3 turns
 22939 | D:15     | Received a gift from Trog
 23033 | D:15     | Reached XP level 16. HP: 129/129 MP: 16/16
 23034 | D:15     | Noticed a storm dragon
 23529 | D:15     | Reached skill level 13 in Evocations
 23538 | D:15     | Noticed a tengu reaver
 23542 | D:15     | Killed a tengu reaver
 24333 | D:15     | Noticed a sphinx
 24333 | D:15     | Found the +12 glaive of Prune {freeze, Prune}
 24344 | D:15     | Killed a sphinx
 24475 | D:15     | Killed a storm dragon
 24680 | D:15     | Identified the +8 flail of Bloodstone {protect, MP+9 Str+5}
 25070 | Orc:1    | Entered Level 1 of the Orcish Mines
 25087 | Orc:1    | Found Homemaps's Self-Improvement Boutique.
 25090 | Orc:1    | Noticed Erica
 25098 | Orc:1    | Killed Erica
 25099 | Orc:1    | Reached skill level 10 in Armour
 25600 | Orc:2    | Entered Level 2 of the Orcish Mines
 25600 | Orc:2    | Found a gate leading to a gauntlet.
 25626 | Gauntlet | Entered a Gauntlet
 25626 | Gauntlet | Found a transporter.
 25629 | Gauntlet | Found a transporter.
 25630 | Gauntlet | Found a transporter.
 25631 | Gauntlet | Found a transporter.
 25634 | Gauntlet | Found a transporter.
 25635 | Gauntlet | Found a transporter.
 25636 | Gauntlet | Found a large runed translucent door.
 25637 | Gauntlet | Found a large runed translucent door.
 25638 | Gauntlet | Found a large runed translucent door.
 25638 | Gauntlet | Found a large runed translucent door.
 25638 | Gauntlet | Found a runed translucent door.
 25639 | Gauntlet | Found a large runed translucent door.
 25640 | Gauntlet | Found a large runed translucent door.
 25641 | Gauntlet | Found a large runed translucent door.
 25641 | Gauntlet | Found a large runed translucent door.
 25645 | Gauntlet | Found a runed translucent gate.
 25646 | Gauntlet | Found a runed translucent gate.
 25647 | Gauntlet | Found a runed translucent door.
 25647 | Gauntlet | Found a runed translucent gate.
 25648 | Gauntlet | Found a large runed translucent door.
 25648 | Gauntlet | Found a large runed translucent door.
 25648 | Gauntlet | Found a large runed translucent door.
 25648 | Gauntlet | Found a large runed translucent door.
 25649 | Gauntlet | Found a large runed translucent door.
 25650 | Gauntlet | Found a large runed translucent door.
 25654 | Gauntlet | Found a transporter.
 25655 | Gauntlet | Found a transporter.
 25666 | Gauntlet | Found a large runed translucent door.
 25667 | Gauntlet | Found a large runed translucent door.
 25695 | Gauntlet | Found a transporter.
 25713 | Gauntlet | Found a transporter.
 25717 | Gauntlet | Found a transporter.
 25725 | Gauntlet | Found a transporter.
 25911 | Gauntlet | Received a gift from Trog
 26389 | Orc:2    | Found a staircase to the Elven Halls.
 26934 | Orc:2    | Reached skill level 14 in Evocations
 27205 | Orc:2    | Received a gift from Trog
 27450 | Orc:2    | Found Coussorr's Magic Scroll Emporium.
 27450 | Orc:2    | Found Rigoet's Weapon Boutique.
 27453 | Orc:2    | Found Timmu's General Store.
 27453 | Orc:2    | Found Dimox's Antique Weapon Boutique.
 27482 | Orc:2    | Acquired a manual of Dodging
 27487 | Orc:2    | Acquired a manual of Evocations
 27507 | Orc:2    | Bought a scroll of acquirement for 780 gold pieces
 27507 | Orc:2    | Acquired a manual of Axes
 27511 | Orc:2    | Bought a potion of cancellation for 96 gold pieces
 27607 | Orc:1    | Bought a manual of Fighting for 1280 gold pieces
 27890 | Shoals:1 | Entered Level 1 of the Shoals
 28234 | Shoals:1 | Noticed Nikola
 28255 | Shoals:1 | Killed Nikola
 28256 | Shoals:1 | Reached XP level 17. HP: 133/139 MP: 17/17
 29021 | Shoals:2 | Reached skill level 15 in Evocations
 29044 | Shoals:2 | Found a transporter.
 29161 | Shoals:2 | Found a transporter.
 29951 | Shoals:2 | Reached skill level 16 in Evocations
 30390 | Shoals:2 | Reached skill level 15 in Fighting
 30392 | Shoals:2 | Received a gift from Trog
 30418 | Shoals:2 | Identified the scarf "Koisysch" {+Inv, ^Drain rC+++ Str-4
                  | Stlth+}
 30517 | Shoals:3 | Noticed Xacloem's ghost (adept OnFE)
 30517 | Shoals:3 | Found a runed translucent gate.
 30517 | Shoals:3 | Found a runed translucent gate.
 30517 | Shoals:3 | Found a runed translucent gate.
 30739 | Shoals:3 | Noticed a kraken
 30852 | Shoals:3 | Reached skill level 10 in Dodging
 30866 | Shoals:3 | Killed a kraken
 31108 | Shoals:3 | Reached skill level 17 in Evocations
 31491 | Shoals:3 | Identified the amulet "Daraculi" {RegenMP+ Str+3 Slay+3}
 31628 | Shoals:3 | Killed by an exploding ball lightning

Illustrated notes

Levels and vault maps discovered:
D:1:      dpeg_arrival_round_c, layout_loops_ring
D:2:      layout_basic, basic_altar
D:3:      layout_rooms
D:4:      layout_cave_pools, minmay_temple_entry_butterflies,
          gammafunk_ghost_abyssal_escape, nicolae_ossuary_entry_false_entrances
D:5:      layout_cave_pools, mainiacjoe_overflow_divided_tiny
D:6:      layout_basic
D:7:      layout_basic, kennysheep_mini, mainiacjoe_overflow_paths,
          chequers_serial_rivers_micro_e, minmay_checkerbox
D:8:      layout_layer_cave, david_lair_generic, uniq_pikel
D:9:      minmay_diamond_stairs, layout_loops_ring
D:10:     layout_loops_ring, orc_david_3, minmay_parallelograms,
          hangedman_minor_magic, uniq_harold
D:11:     layout_roguey, due_unseen_surprise, uniq_urug
D:12:     layout_layer_cave, kennysheep_generic_room_11
D:13:     layout_grid_maze, grunt_vaults_entry_fortified, serial_shops,
          shop_statue, drop_trap, amcnicky_mini_pool_small
D:14:     layout_loops_ring, kennysheep_minor_cross, uniq_kirke, uniq_lodul,
          uniq_azrael
D:15:     hangedman_slaughterboxes
Lair:1:   layout_loops_ring, cheibrodos_lair_caveside_slide
Lair:2:   layout_cave_pods, minmay_snake_entry_guardpost_small,
          kilobyte_rumbling_trees
Lair:3:   layout_roguey, minmay_shoals_entry_hut, st_stairs_4,
          serial_bayou_shore_a, lemuel_fruit_fields
Lair:4:   layout_gridlike, nicolae_lair_grove_arrangements
Lair:5:   gammafunk_lair_ancient_temple, layout_regular_city, slime_entry_1,
          pdpol_lair_cabin_in_the_woods, uniq_nessos
Shoals:1: layout_shoals, uniq_nikola
Shoals:2: gammafunk_sealed_arena, layout_shoals, st_shoals_ruin
Shoals:3: layout_shoals, gammafunk_ghost_split,
          nicolae_shoals_water_elemental_grotto
Orc:1:    layout_caves, nicolae_shop_self_help, uniq_erica
Orc:2:    grunt_orc_tribal_feast, layout_caves, gauntlet_entry_generic,
          statue_in_the_mist_lemuel

Skill      XL: |  1  2  3  4  5  6  7  8  9 10 11 12 13 14 15 16 17 |
---------------+----------------------------------------------------+-----
Dodging        | 2 6 7 10 | 10.3
Axes           | 4 9 10 11 12 13 | 13.0
Fighting       | 7 8 9 10 11 12 14 15 | 15.5
Throwing       | 1 2 3 4 5 6 |  6.0
Polearms       | 1 2 |  2.2
Maces & Flails | 1 2 4 5 7 9 11 13 14 | 14.2
Armour         | 2 3 4 5 7 8 9 10 11 | 11.5
Evocations     | 2 4 6 9 11 12 14 17 | 17.1

Action                     |  1- 3 |  4- 6 |  7- 9 | 10-12 | 13-15 | 16-18 || total
---------------------------+-------+-------+-------+-------+-------+-------++-------
  Melee: Hand axe          |    49 |   100 |    73 |       |       |       ||   222
         Dagger            |     5 |       |       |       |       |       ||     5
         Mace              |    45 |    92 |    65 |       |       |       ||   202
         Trident           |       |       |    75 |       |       |       ||    75
         Flail             |       |       |    32 |       |       |       ||    32
         War axe           |       |       |    24 |   249 |   567 |   494 ||  1334
         Morningstar       |       |       |    11 |   249 |   574 |   519 ||  1353
  Throw: Dart              |       |     1 |       |     3 |       |       ||     4
 Invoke: Berserk           |     1 |     3 |     7 |    13 |    17 |     4 ||    45
         Trog's Hand       |       |       |       |       |       |     1 ||     1
Ability: Invent Gizmo      |       |       |       |       |     1 |       ||     1
  Evoke: Wand              |       |       |       |     9 |     9 |     6 ||    24
    Use: Scroll            |       |    10 |     1 |    13 |     7 |     5 ||    36
         Potion            |       |     1 |       |     2 |     2 |       ||     5
   Stab: Sleeping          |     3 |     1 |       |       |       |       ||     4
         Distracted        |       |       |       |       |     1 |       ||     1
 Armour: Animal skin       |    28 |    31 |       |       |       |       ||    59
         Robe              |       |    34 |    50 |       |       |       ||    84
         Chain mail        |       |       |    66 |   267 |   402 |   333 ||  1068
  Dodge: Dodged            |    37 |    81 |   101 |   156 |   323 |   319 ||  1017

Table legend: (Time is in decaauts)
 A = Elapsed time spent in this place.
 B = Non-inter-level travel time spent in this place.
 C = Inter-level travel time spent in this place.
 D = Time resting spent in this place.
 E = Time spent auto-exploring this place.
 F = Levels seen in this place.
 G = Mean time per level.
                   A        B        C        D        E       F      G
               +--------+--------+--------+--------+--------+-----+--------+
         Total |  31639 |  29926 |   1713 |   6445 |  17686 |  27 | 1171.8 |
       Dungeon |  19519 |  18422 |   1097 |   4668 |  10421 |  15 | 1301.3 |
          Lair |   5609 |   5293 |    316 |    441 |   3941 |   5 | 1121.8 |
        Shoals |   3630 |   3533 |     97 |    492 |   2355 |   3 | 1210.0 |
  Orcish Mines |   2180 |   1978 |    202 |    582 |    969 |   2 | 1090.0 |
       Ossuary |    331 |    331 |      0 |    173 |      0 |   1 |  331.0 |
      Gauntlet |    368 |    368 |      0 |     88 |      0 |   1 |  368.0 |
               +--------+--------+--------+--------+--------+-----+--------+

Top non-repeatable levels by time:
    D:15: 3729 daAuts
    D:13: 2945 daAuts
    D:12: 1595 daAuts
   Orc:2: 1583 daAuts
     D:8: 1532 daAuts
     D:9: 1474 daAuts
Shoals:2: 1449 daAuts
  Lair:5: 1430 daAuts
  Lair:3: 1324 daAuts
    D:10: 1220 daAuts
     D:7: 1173 daAuts
Shoals:1: 1108 daAuts
  Lair:2: 1102 daAuts
Shoals:3: 1072 daAuts
    D:11: 1023 daAuts
